 Dungeon Crawl Stone Soup version 0.31.0-1-g2c135a0 (webtiles) character file.

Game seed: 8231166691444590510

76 jagoly the Apothecary (level 4, -3/27 HPs)
             Began as an Octopode Alchemist on Jan 24, 2024.
             Slain by a hound (4 damage)
             ... on level 5 of the Dungeon.
             The game lasted 00:06:39 (282 turns).

jagoly the Apothecary (Octopode Alchemist)           Turns: 282, Time: 00:06:39

Health: -3/27      AC:  1    Str:  7    XL:     4   Next: 32%
Magic:  4/8        EV: 10    Int: 19    God:
Gold:   44         SH:  0    Dex: 12    Spells: 0/8 levels left

rFire   . . .        f - +1 dagger (venom)
rCold   . . .        (no shield)
rNeg    . . .        (helmet restricted)
rPois   +            (no amulet)
rElec   .            b - ring of poison resistance
rCorr   .            (no ring)
SInv    .            (no ring)
Will    .....        (no ring)
Stlth   +++          (no ring)
HPRegen 0.24/turn    (no ring)
MPRegen 0.11/turn    (no ring)
                     (no ring)

%: no passive effects
@: constricted
A: almost no armour, amphibious, 8 rings, camouflage 1, gelatinous body 1,
(nimble swimmer 1), tentacles
a: no special abilities


You were on level 5 of the Dungeon.
You visited 1 branch of the dungeon, and saw 5 of its levels.

You collected 44 gold pieces.

Inventory:

Hand Weapons
 d - a +0 spear
 e - a +0 dagger
 f - a +1 dagger of venom (weapon)
Missiles
 c - 2 poisoned darts
Jewellery
 b - a ring of poison resistance (left tentacle)
Scrolls
 h - a scroll of revelation {unknown}
Potions
 a - a potion of magic
 g - a potion of resistance {unknown}


   Skills:
 - Level 2.0 Dodging
 - Level 4.0 Stealth
 + Level 2.7 Spellcasting
 - Level 2.0 Conjurations
 - Level 4.0 Alchemy


You couldn't memorise any spells.
You knew the following spells:

 Your Spells              Type           Power      Damage    Failure   Level
a - Sting                 Conj/Alch      52%        1d6       4%          1
c - Mephitic Cloud        Conj/Alch/Air  10%        N/A       21%         3
g - Sticky Flame          Fire/Alch      10%        2d5       56%         4

Your spell library contained the following spells:

 Spells                   Type           Power      Damage    Failure   Level
 Mercury Vapours          Alch/Air       20%        N/A       11%         2
 Olgreb's Toxic Radiance  Alch           17%        N/A       30%         4


Dungeon Overview and Level Annotations

Branches:
Dungeon (5/15) Zot: 26996
 Temple: D:4-7

Altars:
Kikubaaqudgha

Annotations:
D:4 exclusions: adder and scorpion, Sigmund


Innate Abilities, Weirdness & Mutations

You cannot wear most types of armour.
You are amphibious.
You can wear up to eight rings at the same time.
Your skin changes colour to match your surroundings (Stealth+).
Your rubbery body absorbs attacks. (AC +1, EV +1)
((You are camouflaged when in or above water. (Stealth+)))
You have tentacles for arms and can constrict up to eight enemies at once.


Message History

Welcome, jagoly the Octopode Alchemist.
The Orb of Zot is coveted for many reasons.
Will you seize it for your own?
Press ? for a list of commands and other information.
Found a staircase leading out of the dungeon.
You open the door.
There is an open door here.
You open the door.
There is an open door here.
You open the door.
There is an open door here.
You open the door.
A rat comes into view.
The rat squeaks loudly.
There is an open door here.
Cast which spell? (? or * to list)
Aiming: Sting (safe; 9% risk of failure)
Press: ? - help, Shift-Dir - straight line, f - rat
Aim: a rat (68% to hit)
The sting hits the rat.
The rat is poisoned.
You kill the rat!
No target in view!
You see here a rat corpse.
A rat comes into view.
The rat squeaks loudly.
You tentacle-slap the rat. You grab the rat.
The rat is heavily wounded.
You constrict the rat, but do no damage.
The rat bites you but does no damage.
You tentacle-slap the rat but do no damage.
You squeeze the rat.
You kill the rat!
Found a stone staircase leading down.
There is a stone staircase leading down here.
You climb downwards.
Found a gilded ring and 2 poisoned darts.
There is a stone staircase leading up here.
Cast which spell? (? or * to list)
Aiming: Sting (safe; 8% risk of failure)
Press: ? - help, Shift-Dir - straight line, f - hobgoblin
Aim: a hobgoblin (asleep, 100% to hit)
The sting hits the hobgoblin.
The hobgoblin is poisoned.
The hobgoblin is heavily wounded.
The hobgoblin shouts!
The ball python hisses angrily.
Aiming: Sting (safe; 8% risk of failure)
Press: ? - help, Q - select action Shift-Dir - straight line, f/p - hobgoblin
Aim: a hobgoblin (severely wounded, poisoned, 68% to hit)
Okay, then.
Cast which spell? (? or * to list)
Okay, then.
Cast which spell? (? or * to list)
Aiming: Sting (safe; 8% risk of failure)
Press: ? - help, Shift-Dir - straight line, f - ball python, p - hobgoblin
Aim: a ball python (64% to hit)
The sting hits the ball python.
The ball python is poisoned.
You kill the ball python!
The endoplasm quivers.
You kill the hobgoblin!
Cast which spell? (? or * to list)
Aiming: Sting (safe; 8% risk of failure)
Press: ? - help, Shift-Dir - straight line, f - endoplasm
Aim: an endoplasm (97% to hit)
The sting hits the endoplasm.
The endoplasm partially resists.
The endoplasm is poisoned.
The endoplasm is lightly wounded.
Cast which spell? (? or * to list)
You don't have enough magic to cast this spell.
Unknown command.
The ball python bites you. The ball python grabs you.
The ball python constricts you.
You see here a ring of poison resistance.
You tentacle-slap the ball python. You grab the ball python.
The ball python is heavily wounded.
You constrict the ball python. The ball python closely misses you.
The ball python constricts you.
You tentacle-slap the ball python but do no damage.
The ball python is severely wounded.
You constrict the ball python.
You kill the ball python!
You tentacle-slap the endoplasm but do no damage.
You squeeze the endoplasm.
You kill the endoplasm!
b - a ring of poison resistance (left tentacle)
You see here 2 poisoned darts.
c - 2 poisoned darts You enter the shallow water.
Found an escape hatch in the floor.
Found a spear.
Found an escape hatch in the ceiling.
Found a stone staircase leading down.
Found a chain mail.
You see here a +0 spear.
d - a +0 spear
There is a stone staircase leading down here.
You climb downwards.
The kobold shouts!
There is a stone staircase leading up here.
Cast which spell? (? or * to list)
Aiming: Sting (safe; 7% risk of failure)
Press: ? - help, Shift-Dir - straight line, f - kobold
Aim: a kobold, wielding a +0 dagger (60% to hit)
The sting misses the kobold.
Cast which spell? (? or * to list)
Aiming: Sting (safe; 7% risk of failure)
Press: ? - help, Shift-Dir - straight line, f/p - kobold
Aim: a kobold, wielding a +0 dagger (60% to hit)
Okay, then.
There is a stone staircase leading up here.
d - a +0 spear (weapon)
Cast which spell? (? or * to list)
Aiming: Sting (safe; 7% risk of failure)
Press: ? - help, Shift-Dir - straight line, f/p - kobold
Aim: a kobold, wielding a +0 dagger (60% to hit)
The sting hits the kobold.
The kobold is poisoned.
The kobold is heavily wounded.
You reach to attack!
You hit the kobold.
The kobold is severely wounded.
You kill the kobold!
You have reached level 2!
Cast which spell? (? or * to list)
Aiming: Sting (safe; 7% risk of failure)
Press: ? - help, Shift-Dir - straight line, f - quokka
Aim: a quokka (60% to hit)
The sting misses the quokka.
You hit the quokka.
You kill the quokka!
Your Stealth skill increases to level 3!
There is a stone staircase leading up here.
Things that are here:
a +0 dagger; a kobold corpse
e - a +0 dagger
Found a stone staircase leading down.
An adder comes into view.
Cast which spell? (? or * to list)
Aiming: Sting (safe; 7% risk of failure)
Press: ? - help, Shift-Dir - straight line, f - adder
Aim: an adder (asleep, 100% to hit)
The sting hits the adder.
The adder is poisoned.
The adder is moderately wounded.
Cast which spell? (? or * to list)
You don't have enough magic to cast this spell.
Unknown command.
You hit the adder. Your grab misses the adder.
The adder is almost dead.
The adder misses you.
You miss the adder. You grab the adder.
The adder is almost dead.
You constrict the adder.
You kill the adder!
There is a stone staircase leading down here.
You climb downwards.
There is a stone staircase leading up here.
Found a scroll labelled ZUSOXOT UKOHO and 11 gold pieces.
An adder comes into view.
A gnoll comes into view. It is wielding a +0 flail.
A scorpion comes into view.
Found a scroll labelled ZETEASM CUTU.
Press: ? - help, . - travel You can't see that place. [the floor.] Placed new exclusion.
Unknown command.
Unknown command.
Unknown command.
Unknown command.
Found a fizzy dark potion.
You open the door.
Found an ancient bone altar of Kikubaaqudgha.
There is an open door here.
As you open the door, it creaks loudly!
There is an open door here.
Found a chain mail.
Found 11 gold pieces.
You now have 11 gold pieces.
A kobold comes into view. It is wielding a +1 dagger of venom.
Unknown command.
Cast which spell? (? or * to list)
Aiming: Sting (safe; 6% risk of failure)
Press: ? - help, Shift-Dir - straight line, f - kobold
Aim: a kobold, wielding a +1 dagger of venom (asleep, 100% to hit)
The sting hits the kobold but does no damage.
The kobold is poisoned.
The kobold shouts!
Cast which spell? (? or * to list)
Aiming: Sting (safe; 6% risk of failure)
Press: ? - help, Shift-Dir - straight line, f/p - kobold
Aim: a kobold, wielding a +1 dagger of venom (heavily wounded, poisoned, 64% to hit)
The sting hits the kobold.
The kobold looks even sicker.
You kill the kobold!
Found a stone staircase leading down.
You see here a +1 dagger of venom.
Your +1 dagger of venom begins to drip with poison!
f - a +1 dagger of venom (weapon)
g - a fizzy dark potion
Found a war axe.
A giant cockroach comes into view.
The giant cockroach bites you.
You hit the giant cockroach.
The giant cockroach is poisoned.
You grab the giant cockroach. You squeeze the giant cockroach.
The giant cockroach is severely wounded.
You constrict the giant cockroach.
You kill the giant cockroach!
Found a scroll labelled QUAMED MYELU.
Found 13 gold pieces.
Found 9 gold pieces.
Found a stone staircase leading up.
You now have 24 gold pieces (gained 13).
h - a scroll labelled QUAMED MYELU You now have 33 gold pieces (gained 9).
Found 11 gold pieces.
A scorpion comes into view.
Cast which spell? (? or * to list)
Aiming: Sting (safe; 6% risk of failure)
Press: ? - help, Shift-Dir - straight line, f - scorpion
Aim: a scorpion (asleep, 100% to hit)
The sting hits the scorpion but does no damage.
The scorpion is poisoned.
Cast which spell? (? or * to list)
Aiming: Sting (safe; 6% risk of failure)
Press: ? - help, Shift-Dir - straight line, f/p - scorpion
Aim: a scorpion (lightly wounded, poisoned, 71% to hit)
The sting hits the scorpion but does no damage.
The scorpion looks even sicker.
The scorpion is lightly wounded.
Cast which spell? (? or * to list)
Aiming: Sting (safe; 6% risk of failure)
Press: ? - help, Shift-Dir - straight line, f/p - scorpion
Aim: a scorpion (moderately wounded, very poisoned, 71% to hit)
The sting misses the scorpion.
The scorpion completely misses you.
Hit: f) +1 dagger (venom)
Press: ? - help, Dir - move target, f/p - scorpion
Aim: a scorpion (severely wounded, very poisoned, about 37% to evade your +1 dagger of venom)
You hit the scorpion. You grab the scorpion.
The scorpion is severely wounded.
You constrict the scorpion, but do no damage.
The scorpion stings you!
Hit: f) +1 dagger (venom)
Press: ? - help, Dir - move target, f/p - scorpion
Aim: a scorpion (almost dead, constricted by you, very poisoned, about 10% to evade your +1 dagger of venom)
You barely miss the scorpion.
The scorpion is almost dead.
You constrict the scorpion, but do no damage.
You kill the scorpion!
Training target 2.0 for Conjurations reached!
Training target 4.0 for Alchemy reached!
Training target 4.0 for Stealth reached!
Your Stealth skill increases to level 4!
Your Conjurations skill increases to level 2!
Your Alchemy skill increases to level 4!
You need to enable at least one skill for training.
You have reached level 3!
Your experience leads to an increase in your attributes!
Increase (S)trength, (I)ntelligence, or (D)exterity?
You feel clever. x2
You have reached level 4!
This spell is quite dangerous to cast!
Okay, then.
Unknown command.
Unknown command.
Unknown command.
Unknown command.
Unknown command.
Unknown command.
Unknown command.
Unknown command.
Unknown command.
Unknown command.
Unknown command.
Unknown command.
Unknown command.
This spell is quite dangerous to cast!
You start memorising the spell.
You continue memorising. x3
You finish memorising.
Spell assigned to 'b'.
Adjust (i)tems, (s)pells, or (a)bilities?
Adjust which spell? b - Mephitic Cloud Adjust to which letter? c - Mephitic Cloud This spell is astonishingly dangerous to cast!
You start memorising the spell.
You continue memorising. x4
You finish memorising.
Spell assigned to 'b'.
Adjust (i)tems, (s)pells, or (a)bilities?
Adjust which spell? b - Sticky Flame Adjust to which letter? g - Sticky Flame A hound comes into view.
Found a stone staircase leading down.
A ball python comes into view.
Sigmund the Dreaded comes into view.
He is wielding a +0 scythe.
The ball python hisses angrily.
Sigmund shouts!
You see here 11 gold pieces.
You now have 44 gold pieces (gained 11).
The hound barks!
Sigmund gestures at you while chanting. The puff of flame hits you!
* * * LOW HITPOINT WARNING * * *
There is a stone staircase leading down here.
The ball python misses you. The ball python grabs you.
You stop descending the stairs.
The ball python constricts you.
* * * LOW HITPOINT WARNING * * *
You escape the ball python's grasp.
The hound bites you.
* * * LOW HITPOINT WARNING * * *
You climb downwards.
You hear the hiss of flowing sand.
There is an entrance to an ossuary on this level.
Hurry and find it before the portal is buried!
The ogre shouts!
The orc shouts!
Found a stone staircase leading down.
There is a stone staircase leading up here.
Okay, then.
Hit: f) +1 dagger (venom)
Press: ? - help, Dir - move target, f - hound
Aim: a hound (about 47% to evade your +1 dagger of venom)
You hit the hound.
The hound is poisoned.
Your grab misses the hound.
The hound is lightly wounded.
The hound bites you.
* * * LOW HITPOINT WARNING * * *
The ball python closely misses you. The ball python completely misses you.
The hound bites you.
* * * LOW HITPOINT WARNING * * *
Cast which spell? (? or * to list)
Aiming: Sting (safe; 4% risk of failure)
Press: ? - help, Shift-Dir - straight line, f/p - hound
Aim: a hound (lightly wounded, poisoned, 60% to hit)
The sting hits the hound.
The hound looks even sicker.
The hound is heavily wounded.
The ball python misses you. The ball python grabs you.
The ball python constricts you. The hound barely misses you.
The ball python bites you.
* * * LOW HITPOINT WARNING * * *
The ball python constricts you.
* * * LOW HITPOINT WARNING * * *
The ball python's grasp on you weakens, but your attempt to escape fails.
The hound bites you.
* * * LOW HITPOINT WARNING * * *
The hound bites you.
You die...

# # .. .##O..
.########....
......h...##...
#.....@S....#
#...........#
#........>.##
#.......o..#
#..........#
............#
########.#.##
.#.#


You could see an ogre, a hound (very poisoned), an orc and a ball python.

Vanquished Creatures
  A scorpion (D:4)
  An adder (D:3)
  An endoplasm (D:2)
  A giant cockroach (D:4)
  A hobgoblin (D:2)
  2 kobolds
  A quokka (D:3)
  2 ball pythons (D:2)
  2 rats (D:1)
12 creatures vanquished.

Notes
Turn   | Place    | Note
-------+----------+-------------------------------------------
     0 | D:1      | jagoly the Octopode Alchemist began the quest for the Orb.
     0 | D:1      | Reached XP level 1. HP: 11/11 MP: 3/3
    80 | D:3      | Reached XP level 2. HP: 17/17 MP: 1/5
   110 | D:4      | Noticed a scorpion
   140 | D:4      | Found an ancient bone altar of Kikubaaqudgha.
   251 | D:4      | Noticed a scorpion
   257 | D:4      | Killed a scorpion
   258 | D:4      | Reached XP level 3. HP: 13/21 MP: 2/7
   258 | D:4      | Reached XP level 4. HP: 17/27 MP: 2/8
   262 | D:4      | Learned a level 3 spell: Mephitic Cloud
   267 | D:4      | Learned a level 4 spell: Sticky Flame
   271 | D:4      | Noticed Sigmund
   279 | D:5      | Entered Level 5 of the Dungeon
   279 | D:5      | Noticed an ogre
   281 | D:5      | HP: 1/27 [constriction (1)]
   282 | D:5      | Slain by a hound

Illustrated notes

Levels and vault maps discovered:
D:1:      minmay_arrival_stair_chambers, layout_loops_corners,
          hellmonk_ecumenical_altar_crossroads
D:2:      layout_rooms, serial_shops, shop, corexii_leaking_fountain
D:3:      layout_loops_cross, hangedman_feature_mirror, uniq_robin,
          uniq_natasha, uniq_ijyb
D:4:      layout_cave_pools, mainiacjoe_overflow_six_doors_small, uniq_sigmund,
          uniq_duvessa, uniq_grinder, uniq_crazy_yiuf_cottage
D:5:      wad_crossroads, layout_basic, nicolae_ossuary_entry_false_entrances,
          uniq_pikel, uniq_edmund

Skill      XL: |  1  2 |
---------------+-------+-----
Stealth        | 4 |  4.0
Conjurations   | 2 |  2.0
Alchemy        | 4 |  4.0
Dodging        | |  2.0
Spellcasting   | |  2.7

Action                     |  1- 3 |  4- 6 || total
---------------------------+-------+-------++-------
  Melee: Unarmed           |     5 |       ||     5
         Constrict         |     5 |       ||     5
         Tentacles         |     3 |       ||     3
         Spear             |     4 |       ||     4
         Dagger            |     3 |     1 ||     4
   Cast: Sting             |    13 |     1 ||    14
 Armour: Skin              |     4 |     7 ||    11
  Dodge: Dodged            |     3 |     5 ||     8
